 Dungeon Crawl Stone Soup version 0.21.1-1-g345015f (webtiles) character file.

557 Kagorn the Skirmisher (level 7, -2/63 HPs)
             Began as a Hill Orc Fighter on June 22, 2018.
             Was an Initiate of Beogh.
             Slain by a slave (5 damage)
             ... led by Pikel
             ... on level 4 of the Dungeon.
             The game lasted 00:18:18 (4107 turns).

Kagorn the Skirmisher (Hill Orc Fighter)            Turns: 4107, Time: 00:18:21

Health: -2/63      AC: 12    Str: 21    XL:     7   Next: 30%
Magic:  7/7        EV:  4    Int:  8    God:    Beogh [......]
Gold:   234        SH:  9    Dex: 10    Spells: 6/6 levels left

rFire    . . .     SeeInvis +   a - +0 war axe
rCold    . . .     Gourm    .   c - +0 shield
rNeg     . . .     Faith    .   h - +0 plate armour
rPois    .         Spirit   .   l - +0 hat
rElec    .         Reflect  .   (no cloak)
rCorr    .         Harm     .   (no gloves)
MR       .....                  (no boots)
Stlth    ..........             (no amulet)
HPRegen  0.20/turn              j - ring of see invisible
MPRegen  0.10/turn              (no ring)

@: no status effects
A: no striking features
a: Renounce Religion


You were on level 4 of the Dungeon.
You worshipped Beogh.
Beogh was noncommittal.
You were not hungry.

You visited 1 branch of the dungeon, and saw 4 of its levels.

You collected 234 gold pieces.

Inventory:

Hand Weapons
 a - a +0 war axe (weapon)
 t - a +0 blowgun
Missiles
 u - 20 poisoned needles
Armour
 c - a +0 shield (worn)
 h - a +0 plate armour (worn)
 l - a +0 hat (worn)
 m - a +1 scale mail of cold resistance
Jewellery
 j - a ring of see invisible (left hand)
 n - an uncursed ring of fire {unknown}
 v - an uncursed ring of magical power {unknown}
 w - a +2 amulet of reflection {unknown}
Wands
 o - a wand of flame (12)
 s - a wand of acid (5)
 y - a wand of paralysis (17)
Scrolls
 e - a scroll of magic mapping {unknown}
 i - 3 scrolls of teleportation
 k - 3 scrolls of fear {unknown}
 p - 2 scrolls of remove curse
 q - 2 scrolls of fog {unknown}
 r - 4 scrolls of identify
 x - a scroll of enchant weapon {unknown}
Potions
 d - a potion of might
 g - 2 potions of flight {unknown}
 z - a potion of degeneration {unknown}
Comestibles
 f - 4 rations


   Skills:
 * Level 6.3 Fighting
 * Level 5.8 Axes
 + Level 4.4 Armour
 + Level 2.0 Dodging
 + Level 4.4 Shields


You had 6 spell levels left.
You didn't know any spells.

Dungeon Overview and Level Annotations

Branches:
Dungeon (4/15)
 Temple: D:4-7

Altars:
Fedhas
Qazlal
Sif Muna
Zin
The Shining One

Annotations:
D:4 Pikel


Message History

Your shield and plate armour prevent you from hitting Pikel.
Pikel is almost dead.
You completely miss the slave. You hit the slave but do no damage.
The slave barely misses you. The slave hits you but does no damage.
Pikel zaps a wand.
You resist with some effort.
The now-empty wand crumbles to dust.
You hit Pikel.
Pikel is almost dead.
You hit the slave.
Your plate armour prevents you from hitting the slave.
The slave hits you.
* * * LOW HITPOINT WARNING * * *
You block the slave's attack. Pikel hits you but does no damage.
You hit Pikel but do no damage.
Pikel is almost dead.
You slash the slave! You hit the slave but do no damage.
The slave hits you but does no damage. The slave hits you.
* * * LOW HITPOINT WARNING * * *
Pikel completely misses you. The slave barely misses you. The slave hits you.
You die...

#######....#.######.....
#....#............
##................#
#......##########.#
#.<....o..... #.#
#............ ..#
#............ +#
#....%.......
#K@[.........
.....'pp....#.....
..?.###'###.# .... ...
≈≈.≈ ... ... .. #≈#.#
.... .. +.._. ..... . #
#.# ...## ≈.≈


You could see Pikel, 2 slaves and a neutral orc (wandering).

Vanquished Creatures
  2 slaves (D:4)
  A phantom (D:3)
  2 ogres (D:4)
  A scorpion (D:4)
  A bullfrog skeleton (D:4)
  A centaur skeleton (D:4)
  Ijyb (D:3)
  A worker ant (D:4)
  5 adders
  6 worms
  A dart slug (D:1)
  A leopard gecko (D:1)
  11 orcs
  5 bats
  14 giant cockroaches
  5 goblins
  12 hobgoblins
  2 jackals
  11 kobolds
  2 quokkas
  4 frilled lizards
  7 rats
  A toadstool (D:1)
97 creatures vanquished.

Vanquished Creatures (others)
  An orc wizard (D:4)
  A dart slug (D:4)
  5 orcs (D:4)
  A ball python (D:4)
  A frilled lizard (D:4)
  3 toadstools (D:1)
12 creatures vanquished.

Grand Total: 109 creatures vanquished

Notes
Turn   | Place    | Note
-------+----------+-------------------------------------------
     0 | D:1      | Kagorn the Hill Orc Fighter began the quest for the Orb.
     0 | D:1      | Reached XP level 1. HP: 19/19 MP: 1/1
    61 | D:1      | Reached XP level 2. HP: 27/27 MP: 2/2
   166 | D:1      | Reached skill level 4 in Fighting
  1040 | D:1      | Reached XP level 3. HP: 33/33 MP: 3/3
  1480 | D:2      | Reached XP level 4. HP: 36/41 MP: 4/4
  2021 | D:2      | Found a glowing golden altar of the Shining One.
  2092 | D:2      | Found a glowing silver altar of Zin.
  2290 | D:3      | Noticed Ijyb
  2302 | D:3      | Reached skill level 1 in Dodging
  2309 | D:3      | Killed Ijyb
  2309 | D:3      | Reached skill level 5 in Fighting
  2309 | D:3      | Reached XP level 5. HP: 20/48 MP: 5/5
  2520 | D:3      | Noticed a phantom
  2536 | D:3      | Killed a phantom
  2536 | D:3      | Reached XP level 6. HP: 50/56 MP: 6/6
  2550 | D:3      | Found a deep blue altar of Sif Muna.
  2759 | D:3      | Found a blossoming altar of Fedhas.
  3176 | D:4      | Reached skill level 5 in Axes
  3540 | D:4      | Reached skill level 6 in Fighting
  3540 | D:4      | Reached XP level 7. HP: 31/63 MP: 7/7
  3738 | D:4      | Became a worshipper of Beogh the Brigand
  4069 | D:4      | Found a stormy altar of Qazlal.
  4071 | D:4      | Noticed Pikel
  4084 | D:4      | Paralysed by Pikel for 7 turns
  4101 | D:4      | Paralysed by Pikel for 4 turns
  4107 | D:4      | HP: 3/63 [slave[Pikel] (5)]
  4107 | D:4      | Slain by a slave

Skill      XL: |  1  2  3  4  5  6  7 |
---------------+----------------------+-----
Axes           | 3 4 5 |  5.8
Fighting       | 4 5 6 |  6.3
Dodging        | 1 2 |  2.0
Armour         | 4 |  4.4
Shields        | 4 |  4.4

Action                   |  1- 3 |  4- 6 |  7- 9 || total
-------------------------+-------+-------+-------++-------
Melee: War axe           |   131 |   216 |    31 ||   378
Invok: Convert to Beogh  |       |       |     1 ||     1
  Use: Scroll            |     1 |     3 |       ||     4
       Potion            |       |     2 |     1 ||     3
  Eat: Ration            |     1 |     2 |     1 ||     4
Armor: Scale mail        |     8 |       |       ||     8
       Plate armour      |    60 |   136 |    49 ||   245
Dodge: Dodged            |    23 |    33 |    14 ||    70
Block: Shield            |    68 |   118 |    27 ||   213
